 Dungeon Crawl Stone Soup version 0.16.2-3-ga078185 (webtiles) character file.

430 Genodice the Shield-Bearer (level 6, -12/57 HPs)
             Began as a Deep Dwarf Fighter on Sept 9, 2015.
             Was an Initiate of Makhleb.
             Mangled by an ogre
             ... wielding a +0 giant spiked club
              (28 damage)
             ... on level 4 of the Dungeon on Sept 10, 2015.
             The game lasted 00:24:36 (2647 turns).

Genodice the Shield-Bearer (Deep Dwarf Fighter)     Turns: 2647, Time: 00:24:36

Health: -12/57     AC: 10    Str: 21    XL:     6   Next: 66%
Magic:  9/9        EV:  7    Int:  9    God:    Makhleb [......]
Gold:   9          SH: 10    Dex: 12    Spells: 0 memorised, 5 levels left

rFire  . . .     SeeInvis .     a - +0 flail
rCold  . . .     Clarity  .     b - +0 scale mail
rNeg   . . .     SustAb   .     c - +0 shield
rPois  .         Gourm    .     u - +0 helmet
rElec  .         Spirit   .     v - +0 cloak
rCorr  .         Warding  .     (no gloves)
rMut   .         Stasis   .     D - +0 pair of boots
MR     .....                    (no amulet)
Stlth  ..........               (no ring)
                                (no ring)

@: non-regenerating, not resistant to hostile enchantments, extremely unstealthy
A: damage resistance, recharge devices, sense surroundings 1, slow healing 3
a: Device Recharging, Renounce Religion


You were on level 4 of the Dungeon.
You worshipped Makhleb.
Makhleb was noncommittal.
You were not hungry.

You visited 1 branch of the dungeon, and saw 4 of its levels.

You collected 134 gold pieces.
You spent 125 gold pieces at shops.

Inventory:

Hand weapons
 a - a +0 flail (weapon)
 s - a +0 hunting sling
Armour
 b - a +0 scale mail (worn)
 c - a +0 shield (worn)
 u - a +0 helmet (worn)
 v - a +0 cloak (worn)
 D - a +0 pair of boots (worn)
Jewellery
 n - a cursed ring of loudness
Magical devices
 d - a wand of heal wounds (3)
 t - a wand of slowing (31)
 x - a wand of magic darts (28)
Scrolls
 h - 2 scrolls of teleportation
 i - a scroll of enchant armour {unknown}
 l - 2 scrolls of identify
 m - a scroll of amnesia {unknown}
 p - 4 scrolls of remove curse
 q - 2 scrolls of fog {unknown}
 w - a scroll of blinking {unknown}
 y - 2 scrolls of enchant weapon
 B - 2 scrolls of recharging {unknown}
Potions
 e - a potion of might
 j - a potion of decay {unknown}
 k - a potion of invisibility {unknown}
 o - a potion of ambrosia {unknown}
 z - 2 potions of restore abilities {unknown}
 A - a potion of curing {unknown}
 C - a potion of magic {unknown}
 E - a potion of brilliance {unknown}
Comestibles
 f - 9 bread rations
 g - a meat ration
 r - 4 chunks of flesh


   Skills:
 + Level 3.7 Fighting
 + Level 3.3 Maces & Flails
 + Level 4.3 Armour
 * Level 5.5 Shields
 + Level 3.9 Evocations


You had 5 spell levels left.
You didn't know any spells.

Dungeon Overview and Level Annotations

Branches:
Dungeon (4/15)
 Temple: D:4-7

Altars:
Cheibriados
Elyvilon
Kikubaaqudgha
Makhleb
Okawaru
Sif Muna

Shops:
D:4 ?

Annotations:
D:4 Pikel


Innate Abilities, Weirdness & Mutations

You are resistant to damage.
You can recharge devices by infusing magical energy.
You passively map a small area around you.
You do not heal naturally.


Message History

Pikel is lightly wounded.
You block Pikel's attack.
The hound barks!
Pikel says, "You'll fetch a fair price!"
You block the hound's attack.
You are no longer poisoned.
The hound bites you but does no damage. The hound bites you but does no damage.
You block the hound's attack.
Pikel cracks his whip.
The hound bites you but does no damage. The hound bites you but does no damage.
You block the hound's attack.
An ogre comes into view. It is wielding a giant spiked club.
The ogre shouts!
The hound bites you but does no damage. The hound closely misses you.
The hound bites you but does no damage.
The ogre hits you with a giant spiked club!!
You die...

#..#..#.♣.∩.♣ *
#.#_#...#.♣## *
####..#..>....# *
#........###.## ,
#.###.#......### *
##.# #.###......#*
*
#..###...#......#*,
* #.............<.#
> #.#####....O@...#
##.###....Kh....#
#....##..#####.# ,
#.##.##..#####.#
#..............#
####.###########
#..K.a..##.#*
#.#####p#.# ###..
#.# #....###...


You could see Pikel, an ogre and a hound.

Vanquished Creatures
  The ghost of Genodice the Pure, an average DsAK of Lugonu (D:3)
  Sigmund (D:2)
  A scorpion (D:4)
  A worker ant (D:4)
  Jessica (D:3)
  Robin (D:2)
  4 adders
  2 giant geckos (D:3)
  3 oozes
  6 bats
  A bat skeleton (D:4)
  2 giant cockroaches
  23 hobgoblins
  8 kobolds
  2 quokkas
  2 ball pythons
  2 giant newts (D:1)
  15 goblins
  13 rats
89 creatures vanquished.

Notes
Turn   | Place    | Note
--------------------------------------------------------------
     0 | D:1      | Genodice, the Deep Dwarf Fighter, began the quest for the Orb.
     0 | D:1      | Reached XP level 1. HP: 20/20 MP: 1/1
   195 | D:1      | Reached skill level 1 in Evocations
   238 | D:1      | Reached XP level 2. HP: 20/27 MP: 2/2
   862 | D:2      | Noticed Robin
   957 | D:2      | Reached XP level 3. HP: 23/33 MP: 3/3
  1001 | D:2      | Killed Robin
  1127 | D:2      | Reached XP level 4. HP: 32/42 MP: 5/5
  1222 | D:2      | Noticed Sigmund
  1251 | D:2      | Reached skill level 4 in Shields
  1270 | D:2      | Killed Sigmund
  1270 | D:2      | Reached XP level 5. HP: 25/49 MP: 7/7
  1491 | D:2      | Found a white marble altar of Elyvilon.
  1552 | D:3      | Found a deep blue altar of Sif Muna.
  1692 | D:3      | Noticed Genodice's ghost (average DsAK)
  1720 | D:3      | HP: 1/49 [Genodice's ghost (5)]
  1724 | D:3      | Killed Genodice's ghost
  1724 | D:3      | Reached skill level 5 in Shields
  1724 | D:3      | Reached XP level 6. HP: 30/56 MP: 9/9
  2140 | D:3      | Found a snail-covered altar of Cheibriados.
  2141 | D:3      | Found an ancient bone altar of Kikubaaqudgha.
  2366 | D:4      | Found Waecausch's Magic Scroll Emporium.
  2367 | D:4      | Found an iron altar of Okawaru.
  2374 | D:4      | Bought a scroll of remove curse for 30 gold pieces
  2374 | D:4      | Bought a scroll of enchant weapon for 75 gold pieces
  2374 | D:4      | Bought a scroll of identify for 20 gold pieces
  2545 | D:3      | Noticed Jessica
  2547 | D:3      | Found a burning altar of Makhleb.
  2554 | D:3      | Killed Jessica
  2564 | D:3      | Became a worshipper of Makhleb the Destroyer
  2583 | D:4      | Noticed Pikel
  2647 | D:4      | Mangled by an ogre

Action                   |  1- 3 |  4- 6 || total
-------------------------+-------+-------++-------
Melee: Flail             |   151 |   235 ||   386
Evoke: Wand              |     1 |     1 ||     2
  Use: Scroll            |     1 |     2 ||     3
  Eat: Chunk             |     1 |     3 ||     4
       Meat ration       |       |     1 ||     1
